 Dungeon Crawl Stone Soup version 0.18.1-50-g88ac8fd (webtiles) character file.

300 Amnesiac the Ducker (level 6, 0/47 HPs)
             Began as a Merfolk Fighter on Mar 8, 2018.
             Succumbed to poison (a needle trap)
             ... in an ossuary.
             The game lasted 00:03:45 (589 turns).

Amnesiac the Ducker (Merfolk Fighter)                Turns: 589, Time: 00:03:47

Health: 0/47       AC:  6    Str: 15 (18) XL:     6   Next: 36%
Magic:  6/6        EV:  9    Int:  6 (7)  God:
Gold:   27         SH:  8    Dex: 13 (14) Spells: 0 memorised, 5 levels left

rFire  . . .     SeeInvis .     a - +1 rapier
rCold  . . .     Gourm    .     b - +0 scale mail
rNeg   . . .     Faith    .     c - +0 shield
rPois  .         Spirit   .     (no helmet)
rElec  .         Dismiss  .     (no cloak)
rCorr  .         Reflect  .     (no gloves)
SustAt .         Harm     .     (no boots)
MR     .....                    (no amulet)
Stlth  ..........               (no ring)
                                (no ring)

@: lethally poisoned (0 -> -3), not resistant to hostile enchantments, extremely
unstealthy
A: change form in water, swift swim
a: no special abilities


You were in an ossuary.
You were not hungry.

You visited 1 branch of the dungeon, and saw 4 of its levels.
You also visited: Ossuary.

You collected 27 gold pieces.

Inventory:

Hand Weapons
 a - a +1 rapier (weapon)
Missiles
 e - 2 throwing nets (quivered)
Armour
 b - a +0 scale mail (worn)
 c - a +0 shield (worn)
Scrolls
 h - a scroll of enchant armour {!r, unknown}
Comestibles
 d - 3 chunks of flesh
 f - a bread ration
 j - a meat ration


   Skills:
 + Level 3.4 Fighting
 - Level 4.8 Short Blades
 - Level 2.1 Armour
 - Level 6.4 Dodging
 - Level 3.0 Shields


You had 5 spell levels left.
You didn't know any spells.

Dungeon Overview and Level Annotations

Branches:
Dungeon (4/15)
 Temple: D:4-7

Altars:


Message History

Aim: a mummy (moderately damaged, entangled in a net)
Okay, then.
The helpless mummy fails to defend itself.
You hit the mummy.
The mummy is heavily damaged.
The mummy struggles against the net.
You hit the mummy.
The mummy is severely damaged.
You feel sick.
You are no longer poisoned.
You hit the mummy.
The mummy is severely damaged.
The mummy struggles to escape the net.
The helpless mummy fails to defend itself.
You hit the mummy.
The mummy is almost destroyed.
A poisoned needle hits the mummy, but does no damage!
The mummy struggles to escape the net.
The mummy breaks free.
A large net falls down onto the mummy!
The mummy is caught in the net!
You hit the mummy but do no damage.
The mummy is almost destroyed.
The mummy hits you.
* * * LOW HITPOINT WARNING * * *
The mummy struggles against the net.
The mummy struggles against the net.
A poisoned needle hits the mummy, but does no damage!
A poisoned needle shoots out and hits you!
You are lethally poisoned!
* * * LOW HITPOINT WARNING * * *
You feel sick.
There is a needle trap here.
* * * LOW HITPOINT WARNING * * *
You feel sick.
* * * LOW HITPOINT WARNING * * *
You feel sick.
You aren't carrying any potions.
Read which item? (? for menu, Esc to quit)
Okay, then.
* * * LOW HITPOINT WARNING * * *
You feel sick.
A poisoned needle hits the mummy!
* * * LOW HITPOINT WARNING * * *
You feel sick.
A poisoned needle hits the mummy!
* * * LOW HITPOINT WARNING * * *
You feel sick.
An arrow hits the mummy, but does no damage!
Throwing (i - inventory):
e - 3 throwing nets (quivered)
Press: ? - help, Shift-Dir - straight line, f - mummy
Aim: a mummy (lightly damaged)
You throw a throwing net. The throwing net hits the mummy.
The mummy is caught in the net!
The mummy is lightly damaged.
* * * LOW HITPOINT WARNING * * *
You feel sick.
You hit the mummy.
The mummy is moderately damaged.
The mummy struggles against the net.
The helpless mummy fails to defend itself.
You puncture the mummy!
The mummy is almost destroyed.
The mummy barely misses you.
You puncture the mummy!
You destroy the mummy!
You die...

#####
##...##
#.....#
##.....##
#.......#
#.......#
#...∩...#
#..^.^..#
#.@.∩^..#
#M^^....#
#.......#
##^....##
+..^^.+
#.....#
+....^+
#.....#
+...^.+


You could see a mummy.

Vanquished Creatures
  Sigmund (D:4)
  A hound (D:4)
  2 orc wizards (D:3)
  4 mummies (Ossuary)
  An ooze (D:4)
  2 giant geckos
  2 orcs (D:3)
  A ball python (D:2)
  A goblin (D:1)
  A giant gecko skeleton (D:4)
  A giant newt (D:4)
  2 rats
19 creatures vanquished.

Notes
Turn   | Place    | Note
--------------------------------------------------------------
     0 | D:1      | Amnesiac the Merfolk Fighter began the quest for the Orb.
     0 | D:1      | Reached XP level 1. HP: 18/18 MP: 1/1
   115 | D:3      | Noticed an orc wizard
   138 | D:4      | Reached XP level 2. HP: 24/24 MP: 2/2
   200 | D:4      | Reached skill level 2 in Dodging
   200 | D:4      | Reached XP level 3. HP: 11/29 MP: 3/3
   275 | D:4      | Reached skill level 3 in Dodging
   340 | D:4      | Noticed Sigmund
   355 | D:4      | Killed Sigmund
   355 | D:4      | Reached skill level 6 in Dodging
   355 | D:4      | Reached XP level 4. HP: 35/35 MP: 4/4
   355 | D:4      | Reached XP level 5. HP: 41/41 MP: 5/5
   387 | D:3      | Reached XP level 6. HP: 47/47 MP: 6/6
   418 | D:4      | Found a sand-covered staircase.
   441 | Ossuary  | Entered an ossuary
   582 | Ossuary  | HP: 2/47 [poison (a needle trap)]
   589 | Ossuary  | Succumbed to poison (a needle trap)

Skill      XL: |  1  2  3  4  5 |
---------------+----------------+-----
Short Blades   | 3 4 |  4.8
Dodging        | 2 6 |  6.4
Fighting       | |  3.4
Armour         | |  2.1
Shields        | |  3.0

Action                   |  1- 3 |  4- 6 || total
-------------------------+-------+-------++-------
Melee: Rapier            |    36 |    35 ||    71
Throw: Throwing net      |       |     1 ||     1
  Use: Potion            |     2 |     3 ||     5
       Scroll            |     2 |       ||     2
 Stab: Held in net/web   |       |     3 ||     3
Armor: Scale mail        |     9 |     8 ||    17
Dodge: Dodged            |    11 |    10 ||    21
Block: Shield            |    13 |     6 ||    19
